 Seeded DCSS version 0.30-a0-358-g0d69a19 (webtiles) character file.

Game seed: 3101965534844506991 (custom seed)

4909 PurpleRed the Grappler (level 10, -11/77 HPs)
             Began as a Human Transmuter on Nov 9, 2022.
             Was a High Priest of Cheibriados.
             Killed from afar by an efreet (23 damage)
             ... with a fireball
             ... on level 9 of the Dungeon.
             The game lasted 00:40:47 (9538 turns).

PurpleRed the Grappler (Human Transmuter)           Turns: 9538, Time: 00:40:47

Health: -11/77     AC:  8    Str: 32    XL:     10   Next: 80%
Magic:  14/14      EV: 16    Int: 30    God:    Cheibriados [*****.]
Gold:   521        SH:  0    Dex: 25    Spells: 5/15 levels left

rFire   . . .      SeeInvis .      - Unarmed
rCold   . . .      Faith    .    (no shield)
rNeg    . . .      Spirit   .    H - +0 steam dragon scales
rPois   .          Reflect  .    D - +0 helmet
rElec   .          Harm     .    (no cloak)
rCorr   .          Rampage  .    z - +1 pair of gloves
Will    .....                    (no boots)
Stlth   ++........               y - amulet of magic regeneration
HPRegen 0.32/turn                r - +6 ring of strength
MPRegen 0.54/turn                i - +6 ring of intelligence

@: wereblooded, very slow
A: no striking features
a: Renounce Religion, Bend Time, Temporal Distortion, Slouch, Step From Time


You were on level 9 of the Dungeon.
You worshipped Cheibriados.
Cheibriados was extremely pleased with you.
You visited 2 branches of the dungeon, and saw 10 of its levels.
You also visited: Sewer.

You collected 521 gold pieces.

Inventory:

Hand Weapons
 w - the +5 rapier "Ummehiw" {elec, rPois Str+3 Dex+2}
   (You found it on level 5 of the Dungeon)

   It occasionally discharges a powerful burst of electricity upon striking a
   foe.
   Str:       It affects your strength (+3).
   Dex:       It affects your dexterity (+2).
   rPois:     It protects you from poison.
 A - the +12 glaive of Brutal Revenge {flame, Str+4}
   (You found it on level 6 of the Dungeon)

   It burns those it strikes, dealing additional fire damage.
   Big, fiery blades are also staple armaments of hydra-hunters.
   Str:       It affects your strength (+4).
Missiles
 g - 22 poisoned darts
 n - 4 boomerangs
Armour
 p - the +2 chain mail "Hiojymnyu" {Harm rElec}
   (You found it on level 5 of the Dungeon)

   rElec:     It insulates you from electricity.
   Harm:      It increases damage dealt and taken.
 z - a +1 pair of gloves (worn)
 D - a +0 helmet (worn)
 H - +0 steam dragon scales (worn)
Magical Staves
 B - a staff of death
Jewellery
 a - an amulet of faith
 c - a ring of flight
 i - a +6 ring of intelligence (right hand)
 k - a ring of magical power
 q - a ring of poison resistance
 r - a +6 ring of strength (left hand)
 y - an amulet of magic regeneration (around neck)
Wands
 s - a wand of charming (19)
 v - a wand of polymorph (11)
 C - a wand of roots (8)
 E - a wand of flame (20)
 G - a wand of mindburst (13)
Scrolls
 e - a scroll of teleportation
 h - 3 scrolls of blinking
Potions
 b - a potion of lignification
 d - 3 potions of curing
 f - a potion of resistance
 j - a potion of ambrosia
 l - 5 potions of heal wounds
 m - 2 potions of invisibility
 o - 4 potions of might
 t - a potion of attraction
 u - a potion of brilliance
 x - a potion of mutation
 F - a potion of magic {unknown}


   Skills:
 + Level 6.4 Fighting
 + Level 5.1 Dodging
 * Level 9.9 Unarmed Combat
 - Level 3.0 Spellcasting
 + Level 6.7 Transmutations
 - Level 3.0 Ice Magic
 - Level 2.0 Poison Magic
 - Level 4.0 Invocations


You had 5 spell levels left.
You knew the following spells:

 Your Spells              Type           Power      Damage    Failure   Level
a - Beastly Appendage     Tmut           90%        N/A       1%          1
b - Wereblood             Tmut           45%        N/A       1%          2
c - Spider Form           Tmut/Pois      30%        N/A       3%          3
d - Ice Form              Ice/Tmut       33%        N/A       10%         4

Your spell library contained the following spells:

 Spells                   Type           Power      Damage    Failure   Level
 Ensorcelled Hibernation  Hex/Ice        26%        N/A       6%          2
 Scorch                   Fire           8%         2d5       11%         2
 Sublimation of Blood     Necr           4%         N/A       11%         2
 Anguish                  Hex/Necr       2%         N/A       56%         4
 Flame Wave               Conj/Fire      4%         2d5       56%         4
 Summon Cactus Giant      Summ           2%         N/A       100%        6
 Summon Hydra             Summ           2%         N/A       100%        7


Dungeon Overview and Level Annotations

Branches:
Dungeon (9/15)             Temple (1/1) D:6            Lair (0/5) D:8
  Sewer (visited)
    Orc: D:9-12

Altars:
Ashenzari
Cheibriados
Dithmenos
Elyvilon
Fedhas
Gozag
Hepliaklqana
Kikubaaqudgha
Makhleb
Nemelex Xobeh
Okawaru
Qazlal
Ru
Sif Muna
Trog
Uskayaw
Vehumet
Wu Jian
Xom
Yredelemnul
Zin
The Shining One
Ignis

Shops:
D:6 (

Annotations:
D:3 3 runed translucent doors, Sixotanaka's ghost, amateur HuTm
D:6 1 runed translucent door, bibbibbib's ghost, novice HuTm


Message History

The killer bee stings you. The killer bee completely misses you.
You pummel the killer bee!! You freeze the killer bee.
You feel a bit better.
You kill the killer bee!
Cheibriados thoroughly appreciates the change of pace.
The centaur shoots an arrow.
The arrow closely misses you.
The centaur unwields a +0 shortbow.
The centaur hits you but does no damage.
The centaur kicks you but does no damage.
The centaur hits you but does no damage.
The centaur kicks you.
You see here a killer bee corpse.
You punch the centaur! You freeze the centaur.
The centaur is almost dead.
The centaur hits you but does no damage.
The centaur misses you. The centaur hits you. The centaur closely misses you.
You barely miss the centaur.
The centaur is almost dead.
The centaur hits you but does no damage.
The centaur barely misses you.
You hit the centaur. You freeze the centaur.
You feel a bit better.
You kill the centaur!
Cheibriados thoroughly appreciates the change of pace.
You howl as the wereblood boils in your veins!
There is an open door here.
F - a black potion
Things that are here:
a +0 shortbow; a centaur corpse As you open the door, it creaks loudly!
An efreet comes into view.
It is wielding a +4 scimitar of flaming.
The efreet gestures at you.
The fireball explodes!
The fireball engulfs you!!! The fire burns you terribly!
* * * LOW HITPOINT WARNING * * *
Found a scroll labelled ZUASCH VAEKK.
You warm up again.
Your +0 helmet unmelds from your body.
Your +1 pair of gloves unmelds from your body.
Your +0 steam dragon scales unmelds from your body.
The efreet gestures at you.
The fireball explodes!
The fireball engulfs you!!
You die...

###########
###...'@'.R.+
#.#...#†#...#
#.#...#.# ?.#
#)#####.#####.#
####
#..............
..#
###.....#####..
..# #'#...#...#
..# #.#...#.8.#
#.#
#.#####...######.#


You could see an efreet.

Vanquished Creatures
  A gargoyle (D:6)
  An efreet (D:9)
  A rime drake (D:8)
  A hornet (D:9)
  A polar bear (D:8)
  A wyvern (D:9)
  3 steam dragons
  A water moccasin (D:7)
  An orc warrior (D:7)
  2 black bears
  2 ice beasts (D:8)
  3 centaurs
  2 wolves (D:8)
  An ogre (D:7)
  2 phantoms
  3 kobold brigands
  3 bullfrogs
  A necrophage (D:6)
  5 scorpions
  7 killer bees
  2 jellies
  3 hounds
  10 orc priests
  4 iguanas
  Ijyb (D:3)
  8 orc wizards
  9 gnolls
  8 adders
  4 river rats (Sewer)
  A shadow imp (D:6)
  2 white imps (D:6)
  An ufetubus (D:7)
  4 dart slugs (D:2)
  37 orcs
  7 endoplasms
  9 giant cockroaches
  8 goblins
  3 hobgoblins (D:1)
  10 jackals
  15 kobolds
  7 quokkas
  11 ball pythons
  7 bats
  6 frilled lizards
  16 rats
235 creatures vanquished.

Vanquished Creatures (others)
  An adder (D:6)
  A white imp (D:6)
  12 plants (Sewer)
14 creatures vanquished.

Grand Total: 249 creatures vanquished

Notes
Turn   | Place    | Note
-------+----------+-------------------------------------------
     0 | D:1      | PurpleRed the Human Transmuter began the quest for the Orb.
     0 | D:1      | Reached XP level 1. HP: 15/15 MP: 3/3
    74 | D:1      | Reached XP level 2. HP: 18/21 MP: 3/5
   414 | D:1      | Reached XP level 3. HP: 26/26 MP: 4/6
   960 | D:2      | Learned a level 2 spell: Wereblood
  1062 | D:2      | Reached XP level 4. HP: 31/33 MP: 7/7
  1093 | D:2      | Learned a level 3 spell: Spider Form
  2137 | D:3      | Reached skill level 4 in Unarmed Combat
  2168 | D:3      | Reached XP level 5. HP: 36/38 MP: 8/8
  2208 | D:3      | Reached skill level 1 in Poison Magic
  2269 | D:3      | Found a snail-covered altar of Cheibriados.
  2271 | D:3      | Found a radiant altar of Vehumet.
  2271 | D:3      | Found a broken altar of Ashenzari.
  2272 | D:3      | Found a shadowy altar of Dithmenos.
  2272 | D:3      | Found a bloodstained altar of Trog.
  2272 | D:3      | Found an opulent altar of Gozag.
  2272 | D:3      | Found a hazy altar of Hepliaklqana.
  2274 | D:3      | Found a runed translucent gate.
  2274 | D:3      | Found a runed translucent gate.
  2274 | D:3      | Found a runed translucent gate.
  2277 | D:3      | Noticed Sixotanaka's ghost (amateur HuTm)
  2286 | D:3      | Became a worshipper of Cheibriados the Contemplative
  2287 | D:3      | Noticed Ijyb
  2352 | D:3      | Reached XP level 6. HP: 41/46 MP: 10/10
  2732 | D:3      | Killed Ijyb
  2778 | D:3      | Reached * piety under Cheibriados
  3144 | D:3      | Reached skill level 5 in Unarmed Combat
  3144 | D:3      | Reached XP level 7. HP: 13/52 MP: 9/11
  3445 | D:4      | Found a stormy altar of Qazlal.
  3445 | D:4      | Found a blossoming altar of Fedhas.
  3518 | D:4      | Found a glowing drain.
  3531 | Sewer    | Entered a sewer
  3725 | Sewer    | Reached ** piety under Cheibriados
  4515 | D:4      | Reached XP level 8. HP: 58/58 MP: 8/12
  4538 | D:4      | Reached skill level 6 in Unarmed Combat
  4979 | D:4      | Learned a level 4 spell: Ice Form
  4984 | D:5      | Entered Level 5 of the Dungeon
  5043 | D:5      | Reached *** piety under Cheibriados
  5060 | D:5      | Identified the +2 chain mail "Hiojymnyu" {Harm rElec}
  5120 | D:5      | Identified the +5 rapier "Ummehiw" {elec, rPois Str+3
                  | Dex+2}
  5139 | D:5      | Reached skill level 1 in Ice Magic
  5875 | D:6      | Found Wyukhots's Weapon Shop.
  5900 | D:6      | Found a runed translucent door.
  5901 | D:6      | Found a shimmering altar of Xom.
  5901 | D:6      | Noticed bibbibbib's ghost (novice HuTm)
  5903 | D:6      | Noticed a +1 dagger of chaos
  5990 | D:6      | Reached skill level 7 in Unarmed Combat
  5990 | D:6      | Reached XP level 9. HP: 64/66 MP: 13/13
  6001 | D:6      | Noticed a gargoyle
  6017 | D:6      | Killed a gargoyle
  6018 | D:6      | Reached skill level 5 in Transmutations
  6033 | D:6      | Identified the +12 glaive of Brutal Revenge {flame, Str+4}
  6137 | D:6      | Reached **** piety under Cheibriados
  6198 | D:6      | Found a staircase to the Ecumenical Temple.
  6208 | Temple   | Entered the Ecumenical Temple
  6370 | D:6      | Found an ornate altar of the Wu Jian Council.
  6519 | D:6      | Reached skill level 5 in Fighting
  7042 | D:7      | Reached skill level 8 in Unarmed Combat
  7273 | D:7      | Reached skill level 1 in Invocations
  7895 | D:7      | Reached ***** piety under Cheibriados
  8181 | D:7      | Reached XP level 10. HP: 74/74 MP: 14/14
  8388 | D:8      | Noticed a rime drake
  8396 | D:8      | Killed a rime drake
  8397 | D:8      | Reached skill level 9 in Unarmed Combat
  8413 | D:8      | Found a staircase to the Lair.
  9309 | D:9      | Noticed a cyclops
  9411 | D:9      | Noticed a two-headed ogre
  9486 | D:9      | Noticed a boulder beetle
  9506 | D:9      | Noticed an efreet
  9515 | D:9      | Killed an efreet
  9516 | D:9      | Reached skill level 5 in Dodging
  9537 | D:9      | Noticed an efreet
  9538 | D:9      | Killed from afar by an efreet

Illustrated notes

Levels and vault maps discovered:
D:1:      dpeg_arrival_shelter, layout_loops_ring, minmay_misc_feat_enclosed,
          nicolae_kite_square_tiling_tiny
D:2:      layout_loops_corners, roderic_roman_lattice,
          chequers_serial_rivers_marsh, minmay_quadrilaterals
D:3:      layout_basic, grunt_temple_overflow_open, ebering_ghost_rock_garden,
          uniq_ijyb
D:4:      layout_cave_pods, grunt_temple_overflow_forces_of_nature,
          portal_sewer_entry_e, hangedman_abyss_or_decor_stabs
D:5:      layout_loops_ring, hangedman_abyss_or_decor_passed
D:6:      minmay_octagon_keep, layout_basic,
          mainiacjoe_overflow_concentric_impassable, temple_green,
          ebering_ghost_xom, serial_shops, shop, kennysheep_pointless_box,
          eino_small_chamber_without_monster
D:7:      layout_gridville
D:8:      layout_basic, hellmonk_lair_entry_icy
D:9:      wad_statue_garden, layout_basic
Temple:   pdpol_scorched_temple

Skill      XL: |  1  2  3  4  5  6  7  8  9 10 |
---------------+-------------------------------+-----
Fighting       | 2 3 4 5 6 |  6.4
Unarmed Combat | 4 5 7 8 9 |  9.9
Transmutations | 3 4 5 6 |  6.7
Poison Magic   | 1 2 |  2.0
Spellcasting   | 3 |  3.0
Dodging        | 3 4 5 |  5.1
Ice Magic      | 2 3 |  3.0
Invocations    | 2 4 |  4.0

Action                   |  1- 3 |  4- 6 |  7- 9 | 10-12 || total
-------------------------+-------+-------+-------+-------++-------
Melee: Unarmed           |    63 |   143 |   317 |    71 ||   594
       Kick              |    12 |    20 |    68 |     6 ||   106
       Headbutt          |    10 |    17 |    41 |     2 ||    70
       Punch             |     1 |     3 |    13 |     1 ||    18
Throw: Boomerang         |       |       |     2 |       ||     2
 Cast: Beastly Appendage |    18 |    27 |    48 |     7 ||   100
       Wereblood         |     1 |    19 |    26 |     5 ||    51
       Spider Form       |       |     3 |     5 |       ||     8
       Ice Form          |       |       |     3 |     8 ||    11
 Abil: End Transformatio |       |       |       |     1 ||     1
  Use: Scroll            |       |     6 |    11 |     2 ||    19
       Potion            |       |     3 |     3 |       ||     6
 Stab: Sleeping          |       |     1 |       |       ||     1
       Invisible         |       |     1 |     6 |       ||     7
Armor: Robe              |     8 |    12 |    35 |       ||    55
       Skin              |       |       |    14 |    20 ||    34
       Steam dragon scal |       |       |       |     3 ||     3
Dodge: Dodged            |    30 |   111 |   234 |    64 ||   439

Table legend: (Time is in decaauts)
 A = Elapsed time spent in this place.
 B = Non-inter-level travel time spent in this place.
 C = Inter-level travel time spent in this place.
 D = Time resting spent in this place.
 E = Time spent auto-exploring this place.
 F = Levels seen in this place.
 G = Mean time per level.
                   A        B        C        D        E       F      G
               +--------+--------+--------+--------+--------+-----+--------+
         Total |  12621 |  12274 |    347 |    648 |   8368 |  11 | 1147.4 |
       Dungeon |  11429 |  11105 |    324 |    648 |   7763 |   9 | 1269.9 |
        Temple |    100 |     78 |     22 |      0 |     68 |   1 |  100.0 |
         Sewer |   1090 |   1090 |      0 |      0 |    536 |   1 | 1090.0 |
               +--------+--------+--------+--------+--------+-----+--------+

Top non-repeatable levels by time:
     D:6: 2272 daAuts
     D:3: 1440 daAuts
     D:7: 1406 daAuts
     D:8: 1365 daAuts
     D:4: 1318 daAuts
     D:2: 1162 daAuts
     D:5: 1091 daAuts
   Sewer: 1090 daAuts
     D:1: 904 daAuts
     D:9: 467 daAuts
  Temple: 100 daAuts
